 Dungeon Crawl Stone Soup version 0.32-a0-656-g3542139ebd (webtiles) character file.

Game seed: 10741045259122561028

843 Goblin1989 the Sneak (level 7, -2/55 HPs)
             Began as a Demonspawn Delver on Mar 8, 2024.
             Was a Follower of Cheibriados.
             Slain by a black bear (5 damage)
             ... on level 5 of the Dungeon.
             The game lasted 00:17:50 (5245 turns).

Goblin1989 the Sneak (Demonspawn Delver)            Turns: 5245, Time: 00:17:50

Health: -2/55      AC:  3    Str: 14 (17) XL:     7   Next: 68%
Magic:  7/7        EV: 13    Int: 13 (14) God:    Cheibriados [*.....]
Gold:   175        SH:  5    Dex: 16 (17) Spells: 6/6 levels left

rFire   . . .        a - +0 mace
rCold   . . .        (no shield)
rNeg    . . .        b - +0 leather armour
rPois   .            (helmet restricted)
rElec   .            (no cloak)
rCorr   .            (no gloves)
SInv    +            (no boots)
Will    .....        A - amulet of reflection
Stlth   +++          l - ring of see invisible
HPRegen 0.29/turn    (no ring)
MPRegen 0.10/turn

%: reflection
@: mighty, very slow
A: hooves 2, horns 1, demonic guardian 1, weakness stinger 1
a: Renounce Religion, Bend Time


You were on level 5 of the Dungeon.
You worshipped Cheibriados.
Cheibriados was aware of your devotion.
You visited 1 branch of the dungeon, and saw 5 of its levels.

You collected 337 gold pieces.
You spent 162 gold pieces at shops.

Inventory:

Hand Weapons
 a - a +0 mace (weapon)
Missiles
 w - 43 stones (quivered)
Armour
 b - a +0 leather armour (worn)
 u - the +0 robe "Qicree" {rPois rC- Str-4 Archmagi}
   (You found it on level 3 of the Dungeon)

   Str-4:     It affects your strength (-4).
   rC-:       It makes you vulnerable to cold.
   rPois:     It protects you from poison.
   Archmagi:  It increases the power of your magical spells.
Jewellery
 l - a ring of see invisible (left hand)
 q - a +6 ring of intelligence
 A - an amulet of reflection (around neck)
 B - a ring of fire
Talismans
 i - a granite talisman
Wands
 g - a wand of digging (3) {@v3}
Scrolls
 d - 2 scrolls of revelation
 k - 3 scrolls of teleportation {unknown}
 n - a scroll of poison {unknown}
 o - a scroll of enchant weapon {unknown}
 r - a scroll of blinking {unknown}
 s - 5 scrolls of identify {@r1}
 t - a scroll of enchant armour {unknown}
 x - a scroll of torment
 y - a scroll of immolation {unknown}
 z - 3 scrolls of summoning {unknown}
 C - a scroll of amnesia {unknown}
Potions
 f - a potion of haste {@q3,}
 m - a potion of brilliance
 p - a potion of curing {@q1}


   Skills:
 + Level 4.4 Fighting
 - Level 4.8 Maces & Flails
 + Level 3.3 Dodging
 + Level 5.4 Stealth
 * Level 2.0 Unarmed Combat
 + Level 2.7 Shapeshifting


You had 6 spell levels left.
You didn't know any spells.
Your spell library contained the following spells:

 Spells                   Type           Power      Damage    Failure   Level
 Freeze                   Ice            0%         1d3       36%         1
 Blink                    Tloc           0%         N/A       52%         2
 Lesser Beckoning         Tloc           0%         N/A       52%         2
 Momentum Strike          Conj/Tloc      0%         3d8       52%         2
 Frozen Ramparts          Ice            0%         1d1       75%         3
 Gell's Gravitas          Tloc           0%         N/A       75%         3
 Hailstorm                Conj/Ice       0%         3d5       75%         3
 Teleport Other           Tloc           0%         N/A       75%         3
 Dispersal                Tloc           0%         N/A       100%        6


Dungeon Overview and Level Annotations

Branches:
Dungeon (5/15) Zot: 33504
 Temple: D:4-7

Altars:
Ashenzari
Cheibriados
Dithmenos
Fedhas
Kikubaaqudgha
Okawaru
Uskayaw
Vehumet

Shops:
D:1 *[?!


Innate Abilities, Weirdness & Mutations

You have hoof-like feet.
You have a pair of small horns on your head.
A weak demonic guardian rushes to your aid.
You have a small tail.


Message History

No target in view!
No target in view!
No target in view!
No target in view!
No target in view!
No target in view!
No target in view!
No target in view!
No target in view!
No target in view!
No target in view!
No target in view!
No target in view!
No target in view!
You now have enough gold to buy 3 potions of heal wounds on D:1.
You can access your shopping list by pressing '$'.
You now have 175 gold pieces (gained 17).
w - 43 stones (gained 4)
Things that are here:
a +0 dagger; a +0 ring mail; an orc corpse You completely miss the gnoll.
You headbutt the gnoll.
The gnoll is moderately wounded.
The gnoll hits you with a +0 flail.
You take 5 damage, and have 49/54 hp.
You closely miss the gnoll.
The gnoll is moderately wounded.
The gnoll closely misses you.
The orc priest shouts!
You hit the gnoll. Your headbutt misses the gnoll.
The gnoll is severely wounded.
The gnoll closely misses you. x2
The orc priest calls down the wrath of Beogh upon you.
Beogh smites you!
A black bear comes into view.
You hear an angry hiss.
You take 11 damage, and have 39/54 hp.
MASSIVE DAMAGE!!
The black bear growls angrily.
You hit the gnoll but do no damage. Your kick misses the gnoll.
The gnoll is severely wounded.
A water moccasin comes into view.
The gnoll hits you with a +0 flail!
You take 8 damage, and have 31/54 hp.
You are too injured to fight recklessly!
You are too injured to fight recklessly!
You are too injured to fight recklessly!
You are too injured to fight recklessly!
You are too injured to fight recklessly!
You are too injured to fight recklessly!
You are too injured to fight recklessly!
You are too injured to fight recklessly!
You are too injured to fight recklessly!
You are too injured to fight recklessly!
You are too injured to fight recklessly!
You are too injured to fight recklessly!
You are too injured to fight recklessly!
You are too injured to fight recklessly!
You are too injured to fight recklessly!
You barely miss the gnoll. You kick the gnoll.
You kill the gnoll!
Cheibriados appreciates the change of pace.
Unknown command.
As you read the scroll of fog, it dissolves into smoke.
You feel very mighty all of a sudden. The water moccasin bites you.
You take 5 damage, and have 28/54 hp.
You hit the water moccasin. Your kick misses the water moccasin.
Your headbutt misses the water moccasin.
You tail-slap the water moccasin.
The water moccasin is moderately wounded.
The water moccasin closely misses you.
You barely miss the water moccasin. You headbutt the water moccasin!
The water moccasin is severely wounded.
You block the water moccasin's attack.
The orc priest mumbles some strange prayers to Beogh against you.
Beogh smites you!
* * * LOW HITPOINT WARNING * * *
The water moccasin barely misses you.
You take 13 damage, and have 15/54 hp.
MASSIVE DAMAGE!!
You thump the water moccasin!
You kill the water moccasin!
Cheibriados thoroughly appreciates the change of pace.
Your Unarmed Combat skill increases to level 2!
You sock the orc priest! Your kick misses the orc priest.
The orc priest is almost dead.
The black bear barely misses you. You block the black bear's attack.
The black bear claws you but does no damage.
The orc priest calls down the wrath of Beogh upon you.
Beogh smites you!
* * * LOW HITPOINT WARNING * * *
A demonic guardian appears!
You take 12 damage, and have 3/55 hp.
MASSIVE DAMAGE!!
It was a potion of degeneration.
There was something very wrong with that liquid.
You feel weakened.
You feel dopey.
You feel clumsy.
Your ufetubus hits the orc priest.
The orc priest dies!
Cheibriados appreciates the change of pace.
The black bear bites you.
You die...
Cheibriados appreciates the motionlessness of death.

....██.███........███............
..................█ ███........%.
..?..███..........████...........
.....██...<...███.█.██.█.........
.....█ █.)..██.......██........
....... █........██....█........
....... █....§.████.█...........
....... ██..§§§§█ █████.......██
█..§§h@█ ........██ █..§§§██
████∆████... █..§§5§█
█≈≈≈)≈≈≈█... ██.§§§...
█≈.....≈█...
...........█≈.█.█)≈█...
....o........▲...█...∆...
.S.h.........█≈.█.█.≈█...
.............█≈.....≈█...
.............█≈≈≈.≈≈≈█...


You could see a black bear and a friendly ufetubus (summoned).

Vanquished Creatures
  2 water moccasins
  An ogre (D:5)
  A crimson imp (D:4)
  2 bombardier beetles
  A hound (D:5)
  An orc priest (D:4)
  2 orc wizards (D:4)
  3 gnolls (D:5)
  2 adders
  2 ribbon worms
  A dart slug (D:2)
  17 orcs
  3 ball pythons
  9 endoplasms
  5 giant cockroaches
  8 goblins
  8 hobgoblins
  2 jackals (D:1)
  4 kobolds
  A quokka (D:1)
  5 bats
  A frilled lizard (D:1)
  2 goblin skeletons (D:4)
  A goblin zombie (D:4)
  4 hobgoblin zombies (D:4)
  3 kobold skeletons (D:4)
  A kobold zombie (D:4)
  An orc zombie (D:4)
  3 rats
96 creatures vanquished.

Vanquished Creatures (collateral kills)
  A black bear (D:4)
  A scorpion (D:4)
  2 orc priests
  2 orcs (D:5)
6 creatures vanquished.

Grand Total: 102 creatures vanquished

Notes
Turn   | Place    | Note
-------+----------+-------------------------------------------
     0 | D:5      | Goblin1989 the Demonspawn Delver began the quest for the
                  | Orb.
     0 | D:5      | Reached XP level 1. HP: 18/18 MP: 1/1
     2 | D:5      | Noticed an iguana
    12 | D:5      | Noticed an orc priest
   168 | D:1      | Found Zolor's Distillery.
   265 | D:1      | Discovered your monstrous ancestry.
   265 | D:1      | Gained mutation: You have large cloven feet. [demonic
                  | ancestry]
   265 | D:1      | Reached XP level 2. HP: 15/24 MP: 2/2
   425 | D:1      | Found The Oracle's Delphic Readings.
   513 | D:1      | Found Ahebi's Antique Armour Emporium.
   889 | D:1      | Found Setaen's Assorted Antiques.
  1095 | D:2      | Gained mutation: A weak demonic guardian rushes to your
                  | aid. [demonic ancestry]
  1095 | D:2      | Reached XP level 3. HP: 16/29 MP: 3/3
  1335 | D:2      | Reached skill level 1 in Shapeshifting
  2252 | D:3      | Reached XP level 4. HP: 29/35 MP: 4/4
  2767 | D:3      | Found a hide-covered altar of Uskayaw.
  2769 | D:3      | Found a broken altar of Ashenzari.
  2774 | D:3      | Found a blossoming altar of Fedhas.
  2777 | D:3      | Found a snail-covered altar of Cheibriados.
  2777 | D:3      | Identified the +0 robe "Qicree" {rPois rC- Str-4 Archmagi}
  2783 | D:3      | Found a shadowy altar of Dithmenos.
  2785 | D:3      | Found a radiant altar of Vehumet.
  2787 | D:3      | Found an ancient bone altar of Kikubaaqudgha.
  2798 | D:3      | Became a worshipper of Cheibriados the Contemplative
  3168 | D:1      | Bought a scroll of identify for 24 gold pieces
  3168 | D:1      | Bought a scroll of identify for 24 gold pieces
  3168 | D:1      | Bought a scroll of torment for 114 gold pieces
  3635 | D:4      | Noticed a black bear
  3641 | D:4      | Killed a black bear
  3642 | D:4      | Gained mutation: You have a small tail. [demonic ancestry]
  3642 | D:4      | Reached XP level 5. HP: 24/41 MP: 5/5
  4026 | D:4      | Found an iron altar of Okawaru.
  4058 | D:4      | Gained mutation: You have a pair of small horns on your
                  | head. [demonic ancestry]
  4058 | D:4      | Reached XP level 6. HP: 40/47 MP: 6/6
  4081 | D:4      | HP: 2/48 [poisoned by a scorpion]
  4091 | D:4      | Reached * piety under Cheibriados
  4254 | D:4      | Noticed a water moccasin
  4260 | D:4      | Killed a water moccasin
  4261 | D:4      | Reached skill level 5 in Stealth
  4292 | D:4      | Gained mutation: You have hoof-like feet. [demonic
                  | ancestry]
  4292 | D:4      | Reached XP level 7. HP: 43/54 MP: 7/7
  4893 | D:5      | Reached skill level 1 in Unarmed Combat
  5245 | D:5      | Slain by a black bear

Illustrated notes

Levels and vault maps discovered:
D:1:      minmay_arrival_cross, layout_basic, serial_shops,
          nicolae_shop_pleasant_corner_grove, nicolae_shop_crystal, shop,
          nicolae_nh_oracle_at_delphi
D:2:      wad_lake_hut, layout_rooms
D:3:      layout_loops_ring, nicolae_overflow_hallway_of_the_gods, minivault_27
D:4:      layout_loops_ring, nicolae_tso_besieged_by_evil, amcnicky_altar_gilded
D:5:      layout_cave_pools, chequers_mini_garden, kennysheep_generic_room_10

Skill      XL: |  1  2  3  4  5  6  7 |
---------------+----------------------+-----
Maces & Flails | 2 3 4 |  4.8
Shapeshifting  | 1 2 |  2.7
Dodging        | 2 3 |  3.3
Stealth        | 5 |  5.4
Fighting       | 4 |  4.4
Unarmed Combat | 2 |  2.0

Action                     |  1- 3 |  4- 6 |  7- 9 || total
---------------------------+-------+-------+-------++-------
  Melee: Mace              |   141 |    82 |    62 ||   285
         Kick              |    23 |    17 |    19 ||    59
         Headbutt          |       |     4 |    12 ||    16
         Tailslap          |       |     2 |     8 ||    10
  Throw: Stone             |       |     2 |       ||     2
    Use: Scroll            |     1 |       |     1 ||     2
         Potion            |       |     4 |     2 ||     6
   Stab: Sleeping          |     9 |     4 |     3 ||    16
 Armour: Leather armour    |    90 |    52 |    27 ||   169
  Dodge: Dodged            |    87 |    53 |    26 ||   166
  Block: Other             |       |       |    10 ||    10
         Form:             |       |     3 |     1 ||     4
         Statue            |       |     3 |     1 ||     4

Table legend: (Time is in decaauts)
 A = Elapsed time spent in this place.
 B = Non-inter-level travel time spent in this place.
 C = Inter-level travel time spent in this place.
 D = Time resting spent in this place.
 E = Time spent auto-exploring this place.
 F = Levels seen in this place.
 G = Mean time per level.
                   A        B        C        D        E       F      G
               +--------+--------+--------+--------+--------+-----+--------+
         Total |   5808 |   5396 |    412 |   1110 |   3155 |   5 | 1161.6 |
       Dungeon |   5808 |   5396 |    412 |   1110 |   3155 |   5 | 1161.6 |
               +--------+--------+--------+--------+--------+-----+--------+

Top non-repeatable levels by time:
     D:4: 1591 daAuts
     D:3: 1491 daAuts
     D:2: 1222 daAuts
     D:1: 917 daAuts
     D:5: 585 daAuts
